[Event "Team 45 45 League T41"]
[Site "Internet Chess Club"]
[Date "2009.05.29"]
[Round "5"]
[White "JustinZ"]
[Black "PsyMar"]
[Result "1/2-1/2"]
[WhiteElo "1262"]
[BlackElo "1115"]
[Opening "Ruy Lopez: Berlin defense, 4.O-O"]
[ECO "C65"]
[Time "17:08:03"]
[TimeControl "2700+45"]

1. e4 e5 2. Nf3 Nc6 3. Bb5 Nf6 4. O-O a6 5. Bxc6 dxc6 6. Nxe5 Qd4 7. Nf3 Qb6 8.
Nc3 Bg4 9. d3 O-O-O 10. Be3 Qa5 11. d4 Bb4 12. e5 Bxf3 13. Qxf3 Nd5 14. Nxd5
Qxd5 15. Qxd5 Rxd5 16. c3 Be7 17. g3 c5 18. dxc5 Bxc5 19. Bxc5 Rxc5 20. Rfe1 Re8
21. f4 Rd5 22. Rad1 Rxd1 23. Rxd1 f6 24. exf6 gxf6 25. Kf2 f5 26. Rd5 Rf8 27.
Kf3 Rf6 28. h3 h5 29. g4 fxg4+ 30. hxg4 hxg4+ 31. Kxg4 Rg6+ 32. Rg5 Rb6 33. f5
Rxb2 34. f6 Kd8 35. Rg7 Rf2 36. Kg5 Ke8 37. Kg6 b5 38. Rxc7 Rh2 39. Kg7 Rg2+ 40.
Kh6 Kf8 41. Kh7 a5 42. Rg7 Rh2+ 43. Kg6 Rg2+ 44. Kf5 Rxg7 45. fxg7+ Kxg7 46. Ke5
b4 47. cxb4 axb4 48. Kd5 Kf6 49. Kc4 Ke6 50. Kxb4 Kd6 51. Kb5 Kc7 52. Ka6 Kb8
53. a3 Ka8 54. Kb6 Kb8 55. a4 Ka8 {Game drawn by mutual agreement} 1/2-1/2

[Event "Team 45 45 League T41"]
[Site "Internet Chess Club"]
[Date "2009.05.30"]
[Round "5"]
[White "yemisco1"]
[Black "mongmong"]
[Result "1-0"]
[WhiteElo "1501"]
[BlackElo "1621"]
[Opening "Queen's pawn"]
[ECO "A40"]
[Time "07:03:51"]
[TimeControl "2700+45"]

1. d4 e6 2. Nf3 d5 3. Bf4 Nf6 4. Nc3 Bd6 5. Ne5 Bxe5 6. Bxe5 c6 7. h3 O-O 8.
Bxf6 Qxf6 9. e3 Nd7 10. Bd3 e5 11. dxe5 Nxe5 12. Qe2 Bf5 13. Bxf5 Qxf5 14. O-O
Rfe8 15. e4 dxe4 16. Qxe4 Qxe4 17. Nxe4 Ng6 18. Nd6 Re7 19. Rfe1 b6 20. Rxe7
Nxe7 21. Re1 Kf8 22. g4 Rd8 23. Nf5 Nxf5 24. gxf5 Rd5 25. c4 Rxf5 26. b3 Rf6 27.
Kg2 Re6 28. Rd1 Ke7 29. Rd2 c5 30. f3 Rd6 31. Re2+ Kd8 32. f4 Rd7 33. Kf3 f6 34.
h4 Rd3+ 35. Kg4 Rd7 36. h5 Re7 37. Rd2+ Kc7 38. Kf3 Re1 39. Kg2 g6 40. h6 g5 41.
fxg5 fxg5 42. Rf2 Re7 43. Kg3 Kd6 44. Kg4 Re6 45. Kxg5 Rg6+ 46. Kh5 Ke7 47. Rf3
Rf6 48. Rg3 Rf5+ 49. Kh4 Ke6 50. Rg7 Rf7 51. Kg5 Rxg7+ 52. hxg7 Kf7 53. Kh6 a5
54. Kxh7 {Black resigns} 1-0

[Event "Team 45 45 League T41"]
[Site "Internet Chess Club"]
[Date "2009.05.29"]
[Round "5"]
[White "ticopatzer"]
[Black "Aquaman"]
[Result "1/2-1/2"]
[WhiteElo "1513"]
[BlackElo "1390"]
[Opening "QP counter-gambit: Maroczy gambit"]
[ECO "C40"]
[Time "20:00:37"]
[TimeControl "2700+45"]

1. e4 e5 2. Nf3 d5 3. exd5 Bd6 4. Nc3 Nf6 5. Bb5+ Bd7 6. Bxd7+ Nbxd7 7. O-O O-O
8. d4 e4 9. Ng5 Re8 10. Re1 Nb6 11. Ngxe4 Nxe4 12. Nxe4 Bxh2+ 13. Kxh2 Qh4+ 14.
Kg1 Rxe4 15. Rxe4 Qxe4 16. b3 Nxd5 17. Bb2 Nf4 18. f3 Qg6 19. Qd2 Qg3 20. Bc1
Nh3+ 21. Kf1 Qh2 22. gxh3 Qh1+ 23. Kf2 Qh2+ 24. Kf1 Qh1+ 25. Kf2 Qh2+ 26. Kf1
Qh1+ 27. Kf2 Qh2+ 28. Kf1 {Game drawn by repetition} 1/2-1/2

[Event "Team 45 45 League T41"]
[Site "Internet Chess Club"]
[Date "2009.06.02"]
[Round "5"]
[White "nozmov"]
[Black "cobbler"]
[Result "1-0"]
[WhiteElo "1424"]
[BlackElo "1303"]
[Opening "Bird's opening"]
[ECO "A03"]
[Time "14:02:04"]
[TimeControl "2700+45"]

1. f4 d5 2. Nf3 Nf6 3. e3 e6 4. b3 Be7 5. Bb2 O-O 6. Be2 b6 7. O-O Ba6 8. c4
Nbd7 9. Na3 c6 10. Rc1 Nc5 11. b4 Nce4 12. b5 cxb5 13. cxb5 Bb7 14. Ne5 Qe8 15.
Rc7 Rb8 16. Nc6 Bxc6 17. bxc6 Rc8 18. Rxa7 Rxc6 19. Bb5 Qb8 20. Rxe7 Qd6 21.
Bxc6 Qxe7 22. d3 Nc5 23. Bd4 Qd6 24. Bb5 Nb7 25. Qc2 Qxa3 26. Bxf6 gxf6 27. Rb1
Qc5 28. Qxc5 bxc5 29. Ba6 Nd6 30. Rb6 Nf5 31. Kf2 Rd8 32. Rc6 Rd6 33. Rxd6 Nxd6
34. Ke2 e5 35. g3 c4 36. dxc4 dxc4 37. Kd2 Ne4+ 38. Kc2 Nd6 39. Kc3 Kg7 40. Bxc4
Ne4+ 41. Kb4 Kf8 42. a4 Nd6 43. Kc5 Ke7 44. Bd5 Kd7 45. a5 Kc7 46. a6 Nc8 47.
Bxf7 Kb8 48. Bc4 Ka7 49. fxe5 fxe5 50. g4 Nb6 51. Be2 Na4+ 52. Kb4 Nb6 53. Bc4
Nxc4 54. Kxc4 Kxa6 55. Kd5 Kb7 56. Kxe5 Kc7 57. Ke6 Kd8 58. Kf7 Kd7 59. e4 Kd6
60. Kf6 Kd7 61. h4 Ke8 62. Kg7 Ke7 63. Kxh7 Kf6 64. e5+ Kf7 65. g5 Kf8 66. g6
Ke7 67. g7 Ke8 68. g8=Q+ Ke7 69. e6 Kf6 70. Qf7+ Ke5 71. e7 Kd6 72. e8=Q Kc5 73.
Qfd7 {Black resigns} 1-0

[Event "Team 45 45 League T41"]
[Site "Internet Chess Club"]
[Date "2009.06.02"]
[Round "5"]
[White "PotX"]
[Black "cobra2008"]
[Result "1/2-1/2"]
[WhiteElo "1100"]
[BlackElo "1489"]
[Opening "Ruy Lopez (Spanish opening)"]
[ECO "C60"]
[Time "21:01:34"]
[TimeControl "2700+45"]

1. e4 e5 2. Nf3 Nc6 3. Bb5 Qf6 4. Bxc6 dxc6 5. O-O Bg4 6. d3 h6 7. h3 Bxf3 8.
Qxf3 Qxf3 9. gxf3 O-O-O 10. f4 exf4 11. Bxf4 g5 12. Bh2 Bd6 13. e5 Bc5 14. a3
Ne7 15. b4 Bd4 16. c3 Bb6 17. d4 a6 18. Nd2 Nd5 19. Rac1 Rhg8 20. Ne4 g4 21. Kg2
gxh3+ 22. Kxh3 Rg6 23. a4 Rdg8 24. a5 Ba7 25. c4 Nxb4 26. c5 Nd5 27. Rg1 Rxg1
28. Rxg1 Nf4+ 29. Kh4 Ng6+ 30. Kg4 Ne7+ 31. Kf4 Rxg1 32. Bxg1 Nd5+ 33. Kf5 b6
34. cxb6 cxb6 35. axb6 Bxb6 36. Nd6+ Kd7 37. Nxf7 Ne7+ 38. Kf6 Bxd4 39. Nxh6 a5
40. Nf5 Nxf5 41. Kxf5 Ke7 42. Ke4 Bb2 43. Kd3 Ke6 44. f4 a4 45. Kc2 a3 46. Kb3
c5 47. Bxc5 Bxe5 48. fxe5 Kxe5 49. Bxa3 {Game drawn because neither player has
mating material} 1/2-1/2

[Event "Team 45 45 League T41"]
[Site "Internet Chess Club"]
[Date "2009.05.30"]
[Round "5"]
[White "dscvdchk"]
[Black "noblitz-oblige"]
[Result "0-1"]
[WhiteElo "1567"]
[BlackElo "1653"]
[Opening "Kevitz-Trajkovich defense"]
[ECO "A50"]
[Time "21:04:13"]
[TimeControl "2700+45"]

1. d4 Nf6 2. c4 Nc6 3. Nf3 e6 4. e3 Bb4+ 5. Bd2 Bxd2+ 6. Nbxd2 O-O 7. a3 d5 8.
Bd3 Re8 9. Ne5 Nxe5 10. dxe5 Nd7 11. f4 Qh4+ 12. g3 Qh3 13. Bf1 Qf5 14. g4 Qg6
15. Rc1 c6 16. Rc3 Nc5 17. Be2 b6 18. b4 Ne4 19. Nxe4 Qxe4 20. Bf3 Qg6 21. h4 f6
22. h5 Qf7 23. g5 fxg5 24. fxg5 Bb7 25. Bg4 Rf8 26. Qe2 c5 27. Rf1 Qe7 28. Qd3
dxc4 29. Rxc4 Ba6 30. Qb3 Rxf1+ 31. Kxf1 Bxc4+ 32. Qxc4 Re8 33. Ke2 Qxg5 34.
Bxe6+ Kf8 35. Qd5 Qxh5+ 36. Kd3 Qg6+ {White resigns} 0-1

[Event "Team 45 45 League T41"]
[Site "Internet Chess Club"]
[Date "2009.05.30"]
[Round "5"]
[White "chesskix"]
[Black "houseofcook"]
[Result "1-0"]
[WhiteElo "1511"]
[BlackElo "1403"]
[Opening "Queen's pawn game"]
[ECO "E10"]
[Time "11:00:23"]
[TimeControl "2700+45"]

1. Nf3 Nf6 2. c4 e6 3. d4 d5 4. c5 Be7 5. g3 O-O 6. Bg2 Bd7 7. O-O Nc6 8. a3 a5
9. Nc3 b6 10. Be3 bxc5 11. dxc5 Ng4 12. Bd4 Nxd4 13. Qxd4 Nf6 14. Ne5 Qb8 15. c6
Bc8 16. Rab1 Rd8 17. e3 Ba6 18. Rfc1 Qc8 19. Na4 Bd6 20. Nc5 Bxe5 21. Qxe5 Bb5
22. Nd7 Nxd7 23. cxd7 Rxd7 24. Rc3 c5 25. Rbc1 c4 26. b3 Rb8 27. bxc4 Bxc4 28.
Bf1 Rc7 29. Bxc4 dxc4 30. Qxa5 h6 31. Qa4 Ra8 32. Qb4 Rb8 33. Qd6 Rbb7 34. Qf4
Ra7 35. Rxc4 Rxc4 36. Rxc4 Qd7 37. Rd4 Qb7 38. Rb4 Qd7 39. Rb8+ Kh7 40. Qb4 Qd1+
41. Kg2 Qd5+ 42. f3 Qa2+ 43. Kh3 Qxa3 44. Qe4+ g6 45. Qd4 Qa5 46. Qh8# {Black
checkmated} 1-0

[Event "Team 45 45 League T41"]
[Site "Internet Chess Club"]
[Date "2009.05.29"]
[Round "5"]
[White "Zohan"]
[Black "dondel"]
[Result "1-0"]
[WhiteElo "1392"]
[BlackElo "1335"]
[Opening "Petrov: Nimzovich attack"]
[ECO "C42"]
[Time "18:59:08"]
[TimeControl "2700+45"]

1. e4 e5 2. Nf3 Nf6 3. Nxe5 d6 4. Nf3 Nxe4 5. Nc3 d5 6. Qe2 Bc5 7. d3 Bxf2+ 8.
Kd1 O-O 9. dxe4 dxe4+ 10. Nd2 e3 11. Ne4 exd2 12. Qxf2 dxc1=Q+ 13. Kxc1 Be6 14.
g3 Nc6 15. Bg2 Bg4 16. Qf4 Qc8 17. Nc5 Be2 18. Re1 Re8 19. b3 Rb8 20. Bxc6 bxc6
21. Ne4 Qg4 22. Qxg4 Bxg4 23. Kb2 f5 24. Nc5 Kf7 25. Nd7 Rxe1 26. Rxe1 Rd8 27.
Ne5+ Kf6 28. Nxg4+ fxg4 29. Re4 h5 30. Ra4 Rd7 31. Rxa7 Ke5 32. Ra5+ Rd5 33.
Rxd5+ cxd5 34. b4 d4 35. a4 Kd5 36. Kb3 g5 37. a5 h4 38. b5 Kc5 39. a6 Kb6 40.
Kc4 hxg3 41. hxg3 c5 42. Kd5 {Black resigns} 1-0

[Event "Team 45 45 League T41"]
[Site "Internet Chess Club"]
[Date "2009.05.28"]
[Round "5"]
[White "blkmagic"]
[Black "Skylab"]
[Result "1-0"]
[WhiteElo "1255"]
[BlackElo "1221"]
[Opening "Sicilian: Alapin's variation (2.c3)"]
[ECO "B22"]
[Time "23:02:14"]
[TimeControl "2700+45"]

1. e4 c5 2. c3 d6 3. d4 cxd4 4. cxd4 Nc6 5. Nc3 e6 6. Nf3 Nf6 7. Bd3 Qb6 8. O-O
Nxd4 9. Nxd4 Bd7 10. Bb5 Bxb5 11. Ncxb5 e5 12. Qa4 Rc8 13. Nxd6+ {Black resigns}
1-0

[Event "Team 45 45 League T41"]
[Site "Internet Chess Club"]
[Date "2009.05.29"]
[Round "5"]
[White "Krumpy"]
[Black "guyd52"]
[Result "1-0"]
[WhiteElo "1546"]
[BlackElo "1336"]
[Opening "Pirc defense"]
[ECO "B07"]
[Time "17:00:07"]
[TimeControl "2700+45"]

1. e4 d6 2. d4 Nf6 3. Nc3 g6 4. f3 Bg7 5. Be3 Nbd7 6. Qd2 b6 7. Bh6 Bxh6 8. Qxh6
e6 9. Bb5 Nh5 10. O-O-O Bb7 11. g4 c6 12. gxh5 cxb5 13. hxg6 fxg6 14. Nxb5 Qe7
15. Nc7+ Kf7 16. Nxa8 Bxa8 17. Ne2 Qf6 18. Qf4 e5 19. Qxf6+ Kxf6 20. d5 Bb7 21.
f4 Ba6 22. fxe5+ Nxe5 23. Nc3 Ng4 24. Rd2 Rc8 25. a3 b5 26. Na2 Ke5 27. Nb4 Bb7
28. Re2 a5 29. Nd3+ Kd4 30. Nf4 Ba6 31. Ne6+ Ke5 32. b4 axb4 33. axb4 Rc4 34.
Rg1 Nf6 35. Rg5# {Black checkmated} 1-0

[Event "Team 45 45 League T41"]
[Site "Internet Chess Club"]
[Date "2009.05.29"]
[Round "5"]
[White "wekabird"]
[Black "arconia"]
[Result "1-0"]
[WhiteElo "1392"]
[BlackElo "1331"]
[Opening "English: symmetrical variation"]
[ECO "A35"]
[Time "20:01:52"]
[TimeControl "2700+45"]

1. c4 c5 2. Nc3 Nc6 3. Nf3 e6 4. d3 d6 5. h3 Nf6 6. Bg5 Be7 7. Bxf6 Bxf6 8. Rb1
O-O 9. g3 a5 10. Bg2 a4 11. Nxa4 Bd7 12. a3 Nd4 13. Nc3 Qa5 14. O-O Bc6 15. Nxd4
Bxg2 16. Kxg2 cxd4 17. Ne4 Be7 18. Nd2 f5 19. Nb3 Qe5 20. Re1 f4 21. Nd2 fxg3
22. Nf3 Qh5 23. fxg3 e5 24. Rf1 Rf6 25. Qd2 Rg6 26. e3 Bh4 27. g4 Rxg4+ 28. hxg4
Qxg4+ 29. Kh1 Bg3 30. Qg2 dxe3 31. Rg1 Qh5+ 32. Nh2 Bxh2 33. Qxg7# {Black
checkmated} 1-0

[Event "Team 45 45 League T41"]
[Site "Internet Chess Club"]
[Date "2009.05.31"]
[Round "5"]
[White "reverendjim"]
[Black "WilmaP"]
[Result "1-0"]
[WhiteElo "1302"]
[BlackElo "1182"]
[Opening "French: Winawer, advance, 5.a3"]
[ECO "C17"]
[Time "08:02:05"]
[TimeControl "2700+45"]

1. e4 e6 2. d4 d5 3. Nc3 Bb4 4. e5 c5 5. a3 Qa5 6. Bd2 Bxc3 7. Bxc3 Qb6 8. Nf3
Nc6 9. Be2 Nge7 10. O-O O-O 11. Rb1 Nf5 12. dxc5 Qxc5 13. Qd2 d4 14. b4 Qe7 15.
Bb2 a6 16. Rbd1 Rd8 17. Qf4 b5 18. Ne1 Bb7 19. Nd3 a5 20. c3 Rd5 21. Bf3 Rd7 22.
Nc5 Rc7 23. Nxb7 dxc3 24. Bxc3 Rxb7 25. Bxc6 Rc8 26. Bxb7 Rxc3 27. Qd2 h6 28.
Qxc3 Qxb7 29. Rd8+ Kh7 30. Qd3 g6 31. Rd7 Qc6 32. Rxf7+ Kg8 33. Rd7 Nh4 34. Rd8+
Kf7 35. Qd7+ Qxd7 36. Rxd7+ Ke8 37. Rb7 axb4 38. axb4 Nf5 39. Ra1 Ne7 40. Ra8+
Kf7 41. Raa7 g5 42. Rxe7+ Kg6 43. Rg7+ Kf5 44. f3 Kxe5 45. Rab7 Kd4 46. Rxb5 e5
47. Rh7 Kc4 48. Rxe5 Kxb4 49. Rxh6 {Black resigns} 1-0

[Event "Team 45 45 League T41"]
[Site "Internet Chess Club"]
[Date "2009.05.30"]
[Round "5"]
[White "beerss"]
[Black "cobra2008"]
[Result "0-1"]
[WhiteElo "1378"]
[BlackElo "1502"]
[Opening "Scotch game"]
[ECO "C45"]
[Time "20:00:09"]
[TimeControl "2700+45"]

1. e4 e5 2. Nf3 Nc6 3. d4 exd4 4. Nxd4 Bc5 5. Be3 Qf6 6. c3 Nge7 7. Be2 a6 8.
O-O Bd6 9. Nf3 O-O 10. Nbd2 Bf4 11. Qe1 Bxe3 12. fxe3 Qg6 13. Bc4 d6 14. Qh4 Bg4
15. Rae1 Rae8 16. Nd4 Ne5 17. Rf4 b5 18. Nxb5 axb5 19. Bxb5 Rb8 20. Bc4 Rxb2 21.
Qxe7 Rxd2 22. Qh4 Bf3 23. Bxf7+ Nxf7 24. g3 Rd1 25. Rxd1 Bxd1 26. Qe7 c5 27. Kf2
Qg5 28. Qe6 Qe5 29. Qc4 Qe8 30. Qd5 Qa4 31. Qd2 Qc2 32. Qxc2 Bxc2 33. Ke1 Ne5
34. Kd2 Rxf4 35. exf4 Ba4 36. fxe5 dxe5 37. c4 Kf7 38. a3 Ke6 39. h3 Kf6 40. h4
g5 41. h5 g4 42. Kc3 Kg5 43. h6 Kxh6 44. Kd2 Kg5 45. Ke3 h5 46. Kd3 h4 47. gxh4+
Kxh4 48. Ke2 Kh3 49. Kf1 Kh2 50. Kf2 g3+ {White resigns} 0-1

[Event "Team 45 45 League T41"]
[Site "Internet Chess Club"]
[Date "2009.05.27"]
[Round "5"]
[White "rgadoury"]
[Black "reverendjim"]
[Result "1-0"]
[WhiteElo "1216"]
[BlackElo "1290"]
[Opening "Sicilian"]
[ECO "B50"]
[Time "21:03:22"]
[TimeControl "2700+45"]

1. e4 c5 2. Nf3 d6 3. Bc4 Nc6 4. a3 Nf6 5. Nc3 e6 6. d3 Be7 7. O-O O-O 8. Rb1 a6
9. Ne2 b5 10. Ba2 Qc7 11. c3 Bb7 12. b4 d5 13. Bf4 Qd8 14. e5 Nd7 15. Qc1 c4 16.
d4 h6 17. Rb2 Re8 18. h4 Bxh4 19. Nxh4 Qxh4 20. Bg3 Qd8 21. Nf4 Nf8 22. Bb1 Ne7
23. f3 Bc6 24. Kf2 a5 25. Rh1 axb4 26. axb4 Ra1 27. Nh5 Nh7 28. Bxh7+ Kxh7 29.
Qc2+ Nf5 30. Rxa1 Qg5 31. Rh1 Kg8 32. Qd2 Qg6 33. Qf4 Ra8 34. Qg4 Qxg4 35. fxg4
Ne7 36. Nf4 Bd7 37. Rh5 Be8 38. Rh1 Ra3 39. Rc2 Ng6 40. g5 hxg5 41. Nxg6 fxg6
42. Kf3 Ra7 43. Kg4 Rf7 44. Rf2 Rf5 45. Rxf5 gxf5+ 46. Kxg5 g6 47. Kf6 Bf7 48.
Bf4 {Black resigns} 1-0

[Event "Team 45 45 League T41"]
[Site "Internet Chess Club"]
[Date "2009.05.31"]
[Round "5"]
[White "baseball613"]
[Black "Rhayder"]
[Result "1-0"]
[WhiteElo "1291"]
[BlackElo "1127"]
[Opening "King's Indian: London system"]
[ECO "A48"]
[Time "09:04:01"]
[TimeControl "2700+45"]

1. d4 Nf6 2. Nf3 g6 3. Bf4 Bg7 4. e3 O-O 5. Bd3 d6 6. c3 Re8 7. Nbd2 e5 8. dxe5
dxe5 9. Nxe5 Nh5 10. Ndf3 Nxf4 11. exf4 Bg4 12. O-O Bxe5 13. fxe5 Rxe5 14. h3
Rd5 15. hxg4 Rxd3 16. Qb3 Qd7 17. Ne5 {Black resigns} 1-0

[Event "Team 45 45 League T41"]
[Site "Internet Chess Club"]
[Date "2009.05.30"]
[Round "5"]
[White "guyd52"]
[Black "Zohan"]
[Result "1-0"]
[WhiteElo "1355"]
[BlackElo "1373"]
[Opening "Réti: King's Indian attack"]
[ECO "A05"]
[Time "19:04:13"]
[TimeControl "2700+45"]

1. Nf3 Nf6 2. g3 g6 3. Bg2 Bg7 4. d4 d5 5. Nbd2 Nc6 6. c4 Bf5 7. O-O O-O 8. e3
Qd7 9. cxd5 Qxd5 10. Ne5 Qb5 11. a4 Qa6 12. Nxc6 bxc6 13. e4 Be6 14. b3 Qb6 15.
Nc4 Bxc4 16. bxc4 Rad8 17. c5 Qb7 18. Bg5 h6 19. Rb1 Qc8 20. Bxf6 Bxf6 21. f4
Bxd4+ 22. Kh1 Bxc5 23. Qc2 Bb6 24. Qxc6 Rd6 25. Qc4 Rd4 26. Qc2 Rfd8 27. e5 Rd2
28. Qb3 e6 29. Rfd1 c5 30. Rxd2 Rd3 31. Qxd3 c4 32. Qc3 Qa6 33. Rb4 Ba5 34. Qxc4
Qxc4 35. Rxc4 Bxd2 36. Bb7 a5 37. Rc8+ Kg7 38. Rc7 Bb4 39. Bc6 Bd2 40. Kg2 h5
41. Be8 Bb4 42. Bxf7 Kh6 43. h4 Be1 44. Bxe6 Bd2 45. Bg8 g5 46. hxg5+ Kg6 47.
Bf7+ Kf5 48. g6 {Black resigns} 1-0

[Event "Team 45 45 League T41"]
[Site "Internet Chess Club"]
[Date "2009.05.31"]
[Round "5"]
[White "jjaillet2007"]
[Black "CoasterBrake"]
[Result "1-0"]
[WhiteElo "1276"]
[BlackElo "1234"]
[Opening "QGD Slav defense"]
[ECO "D10"]
[Time "18:02:41"]
[TimeControl "2700+45"]

1. d4 d5 2. c4 c6 3. Nc3 g6 4. cxd5 cxd5 5. Nf3 Bg7 6. Bf4 Nc6 7. e3 Nf6 8. Bb5
O-O 9. O-O a6 10. Bd3 Qb6 11. Qb3 Qxb3 12. axb3 Nb4 13. Bb1 Bd7 14. Re1 Nc6 15.
e4 dxe4 16. Nxe4 Nxe4 17. Bxe4 e6 18. Bxc6 Bxc6 19. Ne5 Bd5 20. b4 Rac8 21. Nd7
Rfd8 22. Nb6 Rc2 23. Nxd5 Rxd5 24. Rac1 Rxb2 25. Rc8+ Bf8 26. Bh6 {Black
resigns} 1-0

[Event "Team 45 45 League T41"]
[Site "Internet Chess Club"]
[Date "2009.06.01"]
[Round "5"]
[White "farbror"]
[Black "ars-felidae"]
[Result "1-0"]
[WhiteElo "1237"]
[BlackElo "1224"]
[Opening "Sicilian: Grand Prix attack"]
[ECO "B23"]
[Time "12:00:16"]
[TimeControl "2700+45"]

1. e4 c5 2. Nc3 Nc6 3. f4 e6 4. Bb5 a6 5. Bxc6 bxc6 6. Nf3 Nf6 7. O-O c4 8. d3
d5 9. exd5 cxd5 10. dxc4 Bb7 11. Re1 Bc5+ 12. Be3 Bxe3+ 13. Rxe3 Qb6 14. Qd4
Qxd4 15. Nxd4 O-O 16. cxd5 Nxd5 17. Nxd5 Bxd5 18. b3 Rfd8 19. Rd1 Bb7 20. Rdd3
g6 21. Nf3 Kg7 22. Rxd8 Rxd8 23. c4 Bxf3 24. Rxf3 Rd1+ 25. Rf1 Rd2 26. Rc1 Kf8
27. c5 Ke7 28. c6 Kd8 29. c7+ Kc8 30. a4 Rb2 31. Rc3 h6 32. h4 Rd2 33. Kf1 Rd7
34. Ke2 Rxc7 35. Rxc7+ Kxc7 36. Kd3 Kc6 37. Kc4 g5 38. hxg5 hxg5 39. fxg5 e5 40.
Kd3 Kd5 41. a5 e4+ 42. Ke3 Kc5 43. Kxe4 Kb4 44. Kf5 Kxa5 45. Kf6 Kb4 46. Kxf7
Kxb3 47. g6 a5 48. g7 a4 49. g8=Q a3 50. Qb8+ Ka2 51. g4 Ka1 52. Qa7 a2 53.
Qxa2+ Kxa2 54. g5 {Black resigns} 1-0

[Event "Team 45 45 League T41"]
[Site "Internet Chess Club"]
[Date "2009.05.30"]
[Round "5"]
[White "quaksterjohny"]
[Black "Sapienza"]
[Result "1/2-1/2"]
[WhiteElo "1426"]
[BlackElo "1613"]
[Opening "Bishop's opening: Classical variation"]
[ECO "C23"]
[Time "12:33:14"]
[TimeControl "2700+45"]

1. e4 e5 2. Bc4 Bc5 3. Nc3 Nc6 4. Qg4 g6 5. Qf3 Nf6 6. Nge2 d6 7. d3 Bg4 8. Qg3
Qd7 9. Qh4 Nh5 10. f3 Be6 11. g4 Ng7 12. Nd5 Bxd5 13. Bxd5 Nb4 14. Bb3 a5 15. a4
Nc6 16. Nc3 Bb4 17. Bd2 Bxc3 18. Bxc3 Nd4 19. Bxd4 exd4 20. Qf6 O-O 21. Qxd4 Ne6
22. Qe3 Nc5 23. h4 Nxb3 24. cxb3 d5 25. h5 dxe4 26. dxe4 Rad8 27. hxg6 fxg6 28.
Rh3 Qd3 29. Qxd3 Rxd3 30. Rc1 Rfxf3 31. Rxf3 Rxf3 32. Rxc7 Rxb3 33. Rc8+ Kg7 34.
Ra8 Rxb2 35. Rxa5 Rb4 36. g5 Rxe4+ 37. Kd2 Rf4 38. Ra7 Rf7 39. Kd3 b6 40. Ra6
Rf5 41. Rxb6 Ra5 42. Rb7+ Kg8 {Game drawn by mutual agreement} 1/2-1/2

[Event "Team 45 45 League T41"]
[Site "Internet Chess Club"]
[Date "2009.05.28"]
[Round "5"]
[White "Juan73"]
[Black "imawesome"]
[Result "1-0"]
[WhiteElo "1657"]
[BlackElo "1503"]
[Opening "Sicilian: Hungarian variation"]
[ECO "B27"]
[Time "19:04:12"]
[TimeControl "2700+45"]

1. e4 c5 2. Nf3 g6 3. Nc3 Bg7 4. Bc4 Nc6 5. d3 Nf6 6. Be3 O-O 7. Bxc5 d6 8. Be3
Bg4 9. h3 Bd7 10. g4 Be6 11. Bxe6 fxe6 12. g5 Nd7 13. h4 Nde5 14. Nxe5 Nxe5 15.
f4 Nd7 16. h5 Qe8 17. Qg4 Qf7 18. hxg6 Qxg6 19. O-O-O h6 20. Qh3 hxg5 21. Rdg1
Bf6 22. Qxe6+ Kg7 23. Qxd7 {Black resigns} 1-0

[Event "Team 45 45 League T41"]
[Site "Internet Chess Club"]
[Date "2009.05.31"]
[Round "5"]
[White "PANAMA-REY"]
[Black "Zappy"]
[Result "1/2-1/2"]
[WhiteElo "1367"]
[BlackElo "1609"]
[Opening "Vienna game"]
[ECO "C26"]
[Time "15:11:08"]
[TimeControl "2700+45"]

1. e4 e5 2. Bc4 Nf6 3. Nc3 Bc5 4. Nge2 Ng4 5. O-O Qh4 6. h3 Bxf2+ 7. Kh1 Bb6 8.
Bxf7+ Kd8 9. Qe1 Bf2 10. Rxf2 Qxf2 11. Qxf2 Nxf2+ 12. Kg1 Rf8 13. Bh5 d6 14. Bf3
Nxh3+ 15. Kh2 Ng5 16. Ng1 Nc6 17. d3 Nd4 18. Bxg5+ Ke8 19. Nd5 Nxf3+ 20. Nxf3
Kd7 21. Ne3 h6 22. Bh4 a5 23. c3 b6 24. Rd1 Kc6 25. d4 exd4 26. Nxd4+ Kb7 27.
Nd5 Re8 28. Re1 Bd7 29. c4 Rf8 30. Bg3 Rae8 31. Nc3 Re7 32. Ndb5 Bxb5 33. Nxb5
Kc6 34. b3 Rfe8 35. Nc3 Kc5 36. Bf2+ Kc6 37. a4 Rf7 38. Bg3 h5 39. Bh4 Rg8 40.
Nd5 Kd7 41. e5 Ke6 42. exd6+ Kxd6 43. Rd1 Ke6 44. Re1+ Kd6 45. Bg3+ Kd7 46. Nxc7
h4 47. Be5 Re7 48. Nd5 Re6 49. Nf4 Re7 50. Rd1+ Kc8 51. Bb2 g5 52. Nd5 Re2 53.
Bf6 Kb7 54. Ne7 Rf8 55. Nd5 Rf7 56. Bd4 g4 57. Bxb6 h3 58. Rg1 Rb2 59. Bd4 Rxb3
60. gxh3 Rxh3+ 61. Kg2 Rff3 62. Rb1+ Rb3 63. Rxb3+ Rxb3 64. Bc3 Ra3 65. Bxa5
Rxa4 66. Bb4 Kc6 67. Kg3 Rxb4 68. Nxb4+ Kc5 {Game drawn by mutual agreement}
1/2-1/2

[Event "Team 45 45 League T41"]
[Site "Internet Chess Club"]
[Date "2009.05.31"]
[Round "5"]
[White "betto2506"]
[Black "whale5970"]
[Result "0-1"]
[WhiteElo "1410"]
[BlackElo "1490"]
[Opening "French: Steinitz, Boleslavsky variation"]
[ECO "C11"]
[Time "15:53:01"]
[TimeControl "2700+45"]

1. e4 e6 2. d4 d5 3. Nc3 Nf6 4. e5 Nfd7 5. f4 c5 6. Nf3 Nc6 7. Be3 cxd4 8. Nxd4
Bb4 9. Qd2 Nc5 10. Nxc6 bxc6 11. Bxc5 Bxc5 12. Bd3 Rb8 13. Na4 Be7 14. O-O O-O
15. Rf3 c5 16. Rh3 h6 17. c3 c4 18. Bc2 Bd7 19. b3 Qa5 20. b4 Qc7 21. a3 a5 22.
Qe2 f5 23. exf6 Bxf6 24. Qg4 e5 25. f5 Kh8 26. Nc5 Qb6 27. Kh1 Bc8 28. Rb1 Be7
29. Ne6 Bxe6 30. fxe6 Rf6 31. Rf3 Qxe6 32. Qxe6 Rxe6 33. Rf7 axb4 34. axb4 Rf8
35. Rbf1 Rf6 36. Rxf8+ Rxf8 37. Rxf8+ Bxf8 38. g3 Kg8 39. Bg6 d4 40. cxd4 exd4
41. b5 Bc5 42. Kg2 Kf8 43. h3 Ke7 44. Kf1 Kd6 45. Ke2 Kc7 46. g4 Kb6 47. Bf7
Kxb5 48. h4 Kb4 49. h5 Be7 50. Bg6 Bg5 51. Bf5 Kc3 52. Kd1 d3 53. Be4 Kd4 54.
Bf5 c3 {White resigns} 0-1

[Event "Team 45 45 League T41"]
[Site "Internet Chess Club"]
[Date "2009.05.31"]
[Round "5"]
[White "budugu"]
[Black "b-spot"]
[Result "1-0"]
[WhiteElo "1631"]
[BlackElo "1675"]
[Opening "Sicilian: Najdorf, 7...Qb6"]
[ECO "B97"]
[Time "12:33:15"]
[TimeControl "2700+45"]

1. e4 c5 2. Nf3 d6 3. d4 cxd4 4. Nxd4 Nf6 5. Nc3 a6 6. Bg5 e6 7. f4 Qb6 8. Nb3
Be7 9. Qd4 Qxd4 10. Nxd4 b5 11. Bd3 Bb7 12. O-O Nbd7 13. b4 Rc8 14. Nde2 h6 15.
Bh4 O-O 16. a4 bxa4 17. Rxa4 Nb6 18. Ra2 Nc4 19. b5 a5 20. Ra4 Nb2 21. Rxa5 Bd8
22. Ra7 Bb6+ 23. Bf2 Bxa7 24. Bxa7 Nxd3 25. cxd3 Rc7 26. b6 Rc6 27. Nb5 Nd7 28.
Nbd4 Rcc8 29. Nb5 Nc5 30. Nxd6 Nxd3 31. Nxb7 Rc2 32. Nd4 Rc4 33. Nb5 Rxe4 34.
N7d6 {Black resigns} 1-0

[Event "Team 45 45 League T41"]
[Site "Internet Chess Club"]
[Date "2009.05.29"]
[Round "5"]
[White "civilization"]
[Black "jacknor"]
[Result "1-0"]
[WhiteElo "1658"]
[BlackElo "1607"]
[Opening "Sicilian: Alapin's variation (2.c3)"]
[ECO "B22"]
[Time "18:08:58"]
[TimeControl "2700+45"]

1. e4 c5 2. c3 d5 3. exd5 Qxd5 4. d4 Nc6 5. Nf3 Nf6 6. c4 Qd6 7. d5 Ne5 8. Nc3
a6 9. Bf4 Nxf3+ 10. Qxf3 Bg4 11. Bxd6 Bxf3 12. Bxc5 Ne4 13. Bb4 Nxc3 14. Bxc3
Be4 15. f3 Bg6 16. Kd2 O-O-O 17. Bd3 Bxd3 18. Kxd3 e6 19. Rac1 exd5 20. cxd5
Rxd5+ 21. Ke4 Rc5 22. Bxg7 f5+ 23. Kd3 Bxg7 24. Rxc5+ Kb8 25. b3 Rd8+ 26. Kc2
Bh6 27. Rd1 Re8 28. Rxf5 Re2+ 29. Kd3 Rxg2 30. Rh5 Rg6 31. Ke4 Rc6 32. Rd7 Rb6
33. Rxh7 Rb4+ 34. Kd3 Bc1 35. Rh4 Rb6 36. Rc4 Bb2 37. f4 Rd6+ 38. Ke4 Re6+ 39.
Kd5 Re8 40. Rcc7 b5 41. Rb7+ Kc8 42. Ra7 Rd8+ 43. Kc6 {Black resigns} 1-0